cohdb
Replays
Latest Replays
All Replays
Popular Replays
Top Player Replays
Match Explorer
How It Works
Community
CoH3 Stats
Reddit
Sign in to upload your games and track your stats! →
Sign in with Steam
Match 40449430
Unlisted
Match 40449430
Overview
Messages
Build Orders
End
Kettenkrad Recon Vehicle
Construct Infanterie Kompanie
MG 42 Machine Gun Team
Grenadier Squad
Grenadier Squad
Construct Panzergrenadier Kompanie
MG 42 Machine Gun Team
Pioneer Squad
Panzergrenadier Squad
Medical Station
Pak 40 Anti-tank Gun Team
Selects Breakthrough Battlegroup
Selects Rapid Production
Selects Assault Grenadiers
Selects Smoke Bombing Run
Support Elements
Unsafe
kyoung5gi
10bones88
DDK
Pickapoop
Ceyes
0
0
Comments
sign in to comment!
No comments posted yet!